 Dungeon Crawl Stone Soup version 0.31-a0-743-g45f7035092 (webtiles) character file.

Game seed: 7968987539394044209

58183 iamoutofideas the Executioner (level 14, -4/214 HPs)
             Began as a Hill Orc Berserker on Sept 12, 2023.
             Was a High Priest of Trog.
             Slain by an efreet
             ... wielding a +0 scimitar of flaming
              (6 damage)
             ... on level 13 of the Dungeon.
             The game lasted 00:26:53 (23448 turns).

iamoutofideas the Executioner (Hill Orc Berserker) Turns: 23448, Time: 00:26:54

Health: -4/214     AC: 23    Str: 23    XL:     14   Next: 89%
Magic:  0/14       EV:  7    Int:  7    God:    Trog [*****.]
Gold:   911        SH:  5    Dex: 12    Spells: 13/13 levels left

rFire   . . .        D - +2 broad axe (venom)
rCold   . . .        f - +0 buckler
rNeg    . . .        m - +0 plate armour
rPois   .            K - +1 helmet
rElec   .            T - +1 cloak {Will+}
rCorr   .            v - +2 pair of gloves {infuse}
SInv    .            E - +2 pair of boots
Will    +++++        l - amulet of guardian spirit Stlth
                     y - ring of willpower
HPRegen 1.55/turn    (no ring)
MPRegen 0.14/turn

%: guardian spirit
@: berserking, strong-willed, regenerating, very quick
A: no striking features
a: Renounce Religion, Berserk, Trog's Hand, Brothers in Arms


You were on level 13 of the Dungeon.
You worshipped Trog.
Trog was extremely pleased with you.
You visited 3 branches of the dungeon, and saw 19 of its levels.

You collected 1086 gold pieces.
You spent 175 gold pieces at shops.

Inventory:

Hand Weapons
 C - a +3 war axe
 D - a +2 broad axe of venom (weapon)
 M - a +4 broad axe of venom
Armour
 f - a +0 buckler (worn)
 m - a +0 plate armour (worn)
 o - a scarf of resistance
 v - a +2 pair of gloves of infusion (worn)
 E - a +2 pair of boots (worn)
 K - a +1 helmet (worn)
 T - a +1 cloak of willpower (worn)
Jewellery
 l - an amulet of guardian spirit (around neck)
 r - an amulet of magic regeneration
 w - a ring of willpower
 y - a ring of willpower (left hand)
 F - a ring of magical power
 H - a ring of flight
Wands
 d - a wand of iceblast (13)
 e - a wand of charming (2)
 h - a wand of flame (47)
 s - a wand of polymorph (4)
 P - a wand of mindburst (2)
Scrolls
 g - 2 scrolls of identify
 n - 4 scrolls of revelation
 t - a scroll of torment
 z - 3 scrolls of summoning
 A - 9 scrolls of teleportation
 O - a scroll of silence
 Q - a scroll of enchant weapon
 R - a scroll of poison
 S - a scroll of immolation
Potions
 a - 2 potions of magic
 b - 3 potions of cancellation
 c - 4 potions of might
 i - a potion of attraction
 j - 2 potions of resistance
 k - 2 potions of invisibility
 p - a potion of brilliance
 q - a potion of haste
 u - 3 potions of heal wounds
 x - a potion of lignification
 B - 6 potions of mutation
 G - 4 potions of curing
 J - 4 potions of ambrosia
 L - 2 potions of enlightenment


   Skills:
 + Level 18.2 Fighting
 * Level 24.4 Axes
 - Level 5.0 Armour
 + Level 3.9 Dodging
 - Level 4.0 Shields
 - Level 0.4 Evocations


You had 13 spell levels left.
You didn't know any spells.
Your spell library contained the following spells:

 Spells                   Type           Power      Damage    Failure   Level
 Cigotuvi's Dreadful Rot  Necr/Pois/Air  0%         N/A       100%        2
 Ignite Poison            Fire/Tmut/Pois 0%         N/A       100%        3
 Ozocubu's Armour         Ice            0%         N/A       100%        3
 Freezing Cloud           Conj/Ice/Air   0%         6-21      100%        5
 Yara's Violent Unravell  Hex/Tmut       0%         3d3       100%        5
 Conjure Ball Lightning   Conj/Air       0%         3x3d6     100%        6
 Ozocubu's Refrigeration  Ice            0%         4d7       100%        7
 Chain Lightning          Conj/Air       0%         N/A       100%        9


Dungeon Overview and Level Annotations

Branches:
Dungeon (13/15)            Temple (1/1) D:6            Lair (5/5) D:11
 Shoals (0/4) Lair:2       Spider (0/4) Lair:2        Slime (0/5) Lair:4
    Orc (0/2) D:10         Vaults (0/5) D:13

Altars:
Ashenzari
Cheibriados
Dithmenos
Elyvilon
Fedhas
Gozag
Hepliaklqana
Kikubaaqudgha
Makhleb
Nemelex Xobeh
Okawaru
Qazlal
Ru
Sif Muna
Trog
Uskayaw
Vehumet
Wu Jian
Xom
Yredelemnul
Zin
The Shining One
Beogh
Jiyva

Shops:
D:8 (   D:12 (

Annotations:
D:12 2 transporters, exclusion: downstairs, SirDiesAlot's ghost, journeyman OgBe


Message History

You hit the vault guard. You barely miss the vault guard. Snorg bites you.
* * * LOW HITPOINT WARNING * * *
You block Snorg's attack. Snorg barely misses you.
Unknown command.
You closely miss Snorg.
Snorg is severely wounded.
You slice the vault guard!!
The vault guard looks as sick as possible!
You slice the vault guard!!
The vault guard looks as sick as possible!
The vault guard hits you but does no damage.
The vault guard hits you with a +0 long sword.
* * * LOW HITPOINT WARNING * * *
The vault guard hits you from afar with a +2 halberd!
* * * LOW HITPOINT WARNING * * *
You slice Snorg!!
You kill Snorg!
Trog accepts your kill.
You barely miss the vault guard. You slice the vault guard!!
You kill the vault guard!
Trog accepts your kill.
You hit the vault guard.
Unknown command.
The vault guard attacks as it pursues you!
The vault guard hits you with a +0 long sword.
* * * LOW HITPOINT WARNING * * *
The vault guard hits you with a +0 battleaxe!
* * * LOW HITPOINT WARNING * * *
The vault guard hits you but does no damage.
A vault guard comes into view.
It is wielding a +0 war axe and wearing a +1 plate armour of willpower.
There is a stone staircase leading up, spattered with blood here.
You see here the troll corpse of Snorg.
You feel a strong urge to attack something.
The vault guard hits you but does no damage.
The vault guard hits you with a +0 battleaxe!
* * * LOW HITPOINT WARNING * * *
The efreet hits you with a +0 scimitar of flaming!
* * * LOW HITPOINT WARNING * * *
The efreet burns you.
You die...

##. #.# #.#.
.. ... ....
#.# #.# .°...
#..##.# .....
#..#.#°.....
##.#.#☼.....
#....R......
#.)p@..#
#.))pp.#
#...pp.#
#......#
#...p..#
#......#
#.....<#
#......p.ppp..
#......###pp.#


You could see 7 vault guards and an efreet.

Vanquished Creatures
  Gastronok (Lair:3)
  A dire elephant (Lair:5)
  Snorg (D:13)
  The ghost of samgaumpmail the Grappler, a novice TrRe of Okawaru (D:10)
  A vault guard (D:13)
  2 catoblepae (Lair:5)
  5 hydras
  A boulder beetle (D:9)
  A centaur warrior (D:13)
  2 tengu warriors (D:11)
  A deep troll shaman (Lair:5)
  11 death yaks
  2 two-headed ogres (D:11)
  A demonic crawler (Lair:2)
  A skyshark (Lair:3)
  Pikel (D:6)
  An ugly thing (D:9)
  An oklob plant (Lair:5)
  2 cyclopes
  3 manticores
  3 elephants (Lair:5)
  Maurice (D:9)
  4 black mambas
  Maggie (D:6)
  A gargoyle (D:11)
  An unseen horror (D:12)
  13 cane toads
  5 rime drakes
  10 komodo dragons
  3 trolls
  2 polar bears (Lair:4)
  Prince Ribbit (D:6)
  A hornet (D:9)
  21 blink frogs
  Sigmund (D:5)
  2 shadows
  3 culicivoras (Lair:2)
  4 slime creatures
  2 wraiths
  Eustachio (D:5)
  2 wyverns
  40 yaks
  5 basilisks
  7 vampire mosquitoes (D:12)
  4 steam dragons
  2 swamp worms (Lair:2)
  20 water moccasins
  A swamp drake (D:10)
  9 orc warriors
  4 sky beasts
  2 black bears
  4 ice beasts
  9 wolves
  8 centaurs
  2 ogres (D:6)
  2 lemures (D:6)
  7 bullfrogs
  3 kobold brigands
  A gnoll sergeant (D:9)
  A scorpion (D:5)
  5 wights (D:10)
  5 killer bees (D:8)
  7 howler monkeys
  13 electric eels
  A lava snake (Lair:4)
  Crazy Yiuf (D:6)
  2 gnoll boudas
  3 hounds
  11 orc priests
  3 jellies
  A sleepcap (D:8)
  12 orc wizards
  A howler monkey skeleton (D:3)
  16 gnolls
  10 adders
  A shadow imp (D:7)
  A white imp (D:6)
  An ufetubus (D:5)
  An adder skeleton (D:3)
  2 worms (D:2)
  A dart slug (D:5)
  37 orcs
  7 ball pythons
  9 bats
  11 endoplasms
  4 giant cockroaches
  6 hobgoblins
  12 jackals (D:1)
  19 kobolds
  3 quokkas
  3 frilled lizards
  A jackal zombie (D:3)
  A quokka skeleton (D:3)
  2 quokka zombies (D:3)
  22 rats
488 creatures vanquished.

Vanquished Creatures (others)
  A lava snake (Lair:4)
  An orc (D:10)
2 creatures vanquished.

Grand Total: 490 creatures vanquished

Notes
Turn   | Place    | Note
-------+----------+-------------------------------------------
     0 | D:1      | iamoutofideas the Hill Orc Berserker began the quest for
                  | the Orb.
     0 | D:1      | Reached XP level 1. HP: 19/19 MP: 1/1
    32 | D:1      | Reached XP level 2. HP: 16/27 MP: 2/2
   301 | D:1      | Reached XP level 3. HP: 27/33 MP: 3/3
   333 | D:1      | Reached ** piety under Trog
   409 | D:1      | Reached skill level 5 in Axes
  1096 | D:2      | Reached XP level 4. HP: 39/41 MP: 4/4
  1502 | D:2      | Reached *** piety under Trog
  2063 | D:3      | Found a bloodstained altar of Trog.
  2075 | D:3      | Reached XP level 5. HP: 45/47 MP: 5/5
  2249 | D:3      | Reached skill level 6 in Axes
  2463 | D:3      | Found a burning altar of Makhleb.
  2472 | D:3      | Found a hide-covered altar of Uskayaw.
  2501 | D:3      | Reached skill level 5 in Fighting
  2501 | D:3      | Reached XP level 6. HP: 41/56 MP: 6/6
  2514 | D:3      | Reached skill level 7 in Axes
  3104 | D:4      | Reached **** piety under Trog
  3205 | D:4      | Reached skill level 8 in Axes
  3430 | D:4      | Reached XP level 7. HP: 61/61 MP: 7/7
  3577 | D:4      | Found a sacrificial altar of Ru.
  3893 | D:5      | Entered Level 5 of the Dungeon
  3952 | D:5      | Found a snail-covered altar of Cheibriados.
  3990 | D:5      | Reached skill level 1 in Shields
  4484 | D:5      | Reached skill level 9 in Axes
  4738 | D:5      | Noticed Sigmund
  4753 | D:5      | Killed Sigmund
  4754 | D:5      | Reached XP level 8. HP: 68/68 MP: 8/8
  4870 | D:5      | Noticed Eustachio
  4883 | D:5      | Reached skill level 10 in Axes
  4892 | D:5      | Killed Eustachio
  5592 | D:6      | Noticed Maggie
  5596 | D:6      | Reached skill level 11 in Axes
  5608 | D:6      | Killed Maggie
  5609 | D:6      | Reached XP level 9. HP: 53/75 MP: 6/9
  5710 | D:6      | Reached skill level 12 in Axes
  5931 | D:6      | Found a runed translucent door.
  5932 | D:6      | Noticed Crazy Yiuf
  5969 | D:6      | Noticed Pikel
  5983 | D:6      | Killed Pikel
  5984 | D:6      | Reached skill level 13 in Axes
  5984 | D:6      | Reached skill level 5 in Armour
  6142 | D:6      | Noticed Prince Ribbit
  6152 | D:6      | Killed Prince Ribbit
  6220 | D:6      | Found a staircase to the Ecumenical Temple.
  6223 | D:6      | Identified the +0 ring mail of the Hidden Vale {Will++}
  6483 | D:6      | Killed Crazy Yiuf
  6576 | Temple   | Entered the Ecumenical Temple
  6621 | D:7      | Found a shimmering blue altar of Sif Muna.
  6629 | D:7      | Reached skill level 14 in Axes
  6940 | D:7      | HP: 3/79 [electric eel/bolt of electricity (11)]
  7273 | D:7      | Reached XP level 10. HP: 38/86 MP: 5/10
  8116 | D:7      | Reached skill level 15 in Axes
  9033 | D:8      | Reached skill level 16 in Axes
  9216 | D:8      | Found Aloqar's Antique Weapon Shop.
  9238 | D:8      | Bought a glowing broad axe for 175 gold pieces
  9726 | D:9      | Noticed a green ugly thing
  9737 | D:9      | Killed a green ugly thing
  9881 | D:9      | Reached skill level 10 in Fighting
  9977 | D:9      | Noticed a boulder beetle
 10174 | D:9      | HP: 1/141 [boulder beetle (11)]
 10429 | D:9      | Killed a boulder beetle
 10430 | D:9      | Reached XP level 11. HP: 52/104 MP: 6/11
 10766 | D:9      | Paralysed by a hornet for 2 turns
 10997 | D:9      | Noticed Maurice
 11035 | D:9      | Killed Maurice
 11439 | D:10     | Entered Level 10 of the Dungeon
 11870 | D:10     | Reached skill level 17 in Axes
 12031 | D:10     | Found a staircase to the Orcish Mines.
 12096 | D:10     | You fall into a shaft and drop 2 floors!
 12122 | D:12     | Noticed a purple ugly thing
 12122 | D:12     | Noticed a manticore
 12123 | D:12     | Noticed a boulder beetle
 12174 | D:12     | Found a transporter.
 12176 | D:12     | Noticed a two-headed ogre
 12176 | D:12     | Noticed a manticore
 12184 | D:12     | Killed a manticore
 12306 | D:12     | Noticed a manticore
 12307 | D:12     | Noticed a cyclops
 12343 | D:12     | Killed a manticore
 12349 | D:12     | Killed a cyclops
 12526 | D:11     | Noticed a two-headed ogre
 12530 | D:11     | Killed a two-headed ogre
 12531 | D:11     | Reached skill level 18 in Axes
 12531 | D:11     | Reached XP level 12. HP: 115/115 MP: 12/12
 12713 | D:11     | Noticed a two-headed ogre
 12721 | D:11     | Killed a two-headed ogre
 12885 | D:10     | Found a runed translucent gate.
 12886 | D:10     | Found a runed translucent gate.
 12887 | D:10     | Found a runed translucent gate.
 12889 | D:10     | Noticed samgaumpmail's ghost (novice TrRe)
 13237 | D:10     | Found a roughly hewn altar of Beogh.
 13304 | D:11     | Noticed a tengu warrior
 13304 | D:11     | Noticed a tengu warrior
 13318 | D:11     | Killed a tengu warrior
 13331 | D:11     | Killed a tengu warrior
 13548 | D:11     | Reached skill level 19 in Axes
 13809 | D:11     | Found a staircase to the Lair.
 13995 | D:12     | Found Tujeib's Antique Weapon Emporium.
 14069 | D:12     | Identified the +1 sling of Xosopeph {speed, Fly Will- Str+5
                  | Dex+4}
 14281 | D:12     | Found a transporter.
 14494 | D:12     | Noticed SirDiesAlot's ghost (journeyman OgBe)
 14571 | D:13     | Noticed a vault guard
 14571 | D:13     | Noticed a vault guard
 14571 | D:13     | Noticed a vault guard
 14571 | D:13     | Noticed a vault guard
 14571 | D:13     | Noticed a vault guard
 14571 | D:13     | Noticed a centaur warrior
 14571 | D:13     | Found a gate to the Vaults.
 14713 | D:10     | Got the Book of Misty Interference
 14785 | D:10     | Killed samgaumpmail's ghost
 14988 | Lair:1   | Entered Level 1 of the Lair of Beasts
 15212 | Lair:1   | Identified the +1 ring mail of Calculation {rC+ Int+2
                  | Stlth-}
 15259 | Lair:1   | Reached skill level 20 in Axes
 15348 | Lair:1   | Noticed a death yak
 15351 | Lair:1   | Noticed a death yak
 15352 | Lair:1   | Noticed a death yak
 15353 | Lair:1   | Noticed a death yak
 15353 | Lair:1   | Noticed a death yak
 15357 | Lair:1   | Killed a death yak
 15357 | Lair:1   | Reached ***** piety under Trog
 15360 | Lair:1   | Noticed a death yak
 15362 | Lair:1   | Killed a death yak
 15363 | Lair:1   | Killed a death yak
 15369 | Lair:1   | Killed a death yak
 15370 | Lair:1   | Reached XP level 13. HP: 125/125 MP: 0/13
 15375 | Lair:1   | Reached skill level 15 in Fighting
 16041 | Lair:1   | Reached skill level 21 in Axes
 17171 | Lair:2   | Found a staircase to the Shoals.
 17260 | Lair:2   | Found a hole to the Spider Nest.
 17297 | Lair:2   | Identified the +1 short sword "Wyvuko" {heavy, rF++ Will+}
 18192 | Lair:3   | Reached skill level 22 in Axes
 18950 | Lair:3   | Received a gift from Trog
 19124 | Lair:3   | Noticed Gastronok
 19141 | Lair:3   | Killed Gastronok
 19159 | Lair:3   | Identified the +2 ring mail of Ignis's Generosity {rC+}
 19807 | Lair:4   | Reached XP level 14. HP: 138/138 MP: 5/14
 20163 | Lair:4   | Found a viscous altar of Jiyva.
 20163 | Lair:4   | Found a staircase to the Slime Pits.
 20395 | Lair:4   | Reached skill level 23 in Axes
 20936 | Lair:5   | Entered Level 5 of the Lair of Beasts
 22104 | Lair:5   | Reached skill level 24 in Axes
 22179 | Lair:5   | Noticed a dire elephant
 22187 | Lair:5   | Killed a dire elephant
 22336 | Lair:5   | Identified the +4 ring mail "Iwair" {rElec rN+ Int+2
                  | Slay+2}
 23429 | D:13     | Noticed Snorg
 23446 | D:13     | Killed Snorg
 23448 | D:13     | HP: 2/214 [efreet/+0 scimitar of flaming (13)]
 23448 | D:13     | Slain by an efreet

Illustrated notes

Levels and vault maps discovered:
D:1:      heliophobic_arrival_battle_scene, layout_loops_ring,
          serial_bayou_ford_a, serial_bayou_crossing
D:2:      layout_rooms, minmay_rat_hole
D:3:      layout_basic, mainiacjoe_overflow_catwalk_spiral,
          trog_three_pillars_becter, serial_undead, serial_undead_e,
          serial_undead_b, serial_undead_a, serial_undead_d, fountainhead
D:4:      layout_loops_ring, nicolae_ru_the_path_less_chosen,
          minmay_misc_feat_four_crosses, skrybe_limestone_x,
          ebering_dispersal_statue_hall
D:5:      layout_basic, kennysheep_slug_shrine, uniq_sigmund, uniq_eustachio
D:6:      layout_gridville, minmay_temple_entry_stoned_glass,
          uniq_crazy_yiuf_cottage, uniq_pikel, uniq_maggie, uniq_prince_ribbit1
D:7:      layout_basic, old_standard_altar, chequers_serial_rivers_micro_e,
          kennysheep_boxes
D:8:      layout_basic, serial_shops, nicolae_shop_waterfront, feat_on_display
D:9:      layout_roguey, hangedman_misty_isle, uniq_maurice
D:10:     layout_small_grid, erik_orc_1, biasface_ghost_orc_armoury,
          hangedman_decor_lopped
D:11:     layout_loops_ring, lair_entry_dummy
D:12:     layout_loops_cross, nzn_ghost_randoct, serial_shops,
          nicolae_shop_tiny_waterfront
D:13:     layout_basic, erik_vaults_2, uniq_snorg
Temple:   nicolae_temple_elliptical
Lair:1:   layout_loops_ring
Lair:2:   layout_gridlike, elwin_shoals_entry_rocks,
          hellmonk_spider_entry_life_and_decay, worms_lemuel,
          grunt_megastairs_5, serial_bayou_shore_a
Lair:3:   layout_chaotic_city, bh_autumn_forest_stairs, uniq_gastronok
Lair:4:   layout_roguey, dpeg_slime_entry_enclosed, nicolae_lair_liquid_snakes,
          grunt_megastairs_4, infiniplex_staircase_pool
Lair:5:   grunt_lair_end_beastmaster, layout_small_grid

Skill      XL: |  1  2  3  4  5  6  7  8  9 10 11 12 13 14 |
---------------+-------------------------------------------+-----
Fighting       | 4 5 7 11 13 14 16 18 | 18.2
Axes           | 5 6 8 9 11 14 16 18 20 22 24 | 24.4
Dodging        | 2 3 |  3.9
Armour         | 3 4 5 |  5.0
Shields        | 4 |  4.0
Evocations     | |  0.4

Action                     |  1- 3 |  4- 6 |  7- 9 | 10-12 | 13-15 || total
---------------------------+-------+-------+-------+-------+-------++-------
  Melee: Hand axe          |   113 |   232 |   159 |       |       ||   504
         Punch             |       |     3 |     2 |       |       ||     5
         War axe           |       |       |   133 |   204 |       ||   337
         Broad axe         |       |       |       |   300 |   494 ||   794
 Invoke: Berserk           |     1 |     3 |    10 |    12 |     8 ||    34
         Trog's Hand       |       |       |       |     4 |     4 ||     8
         Brothers in Arms  |       |       |       |     1 |     1 ||     2
  Evoke: Wand              |       |       |       |     2 |       ||     2
    Use: Scroll            |       |     2 |     6 |    13 |     7 ||    28
         Potion            |       |       |     6 |     3 |       ||     9
   Stab: Invisible         |       |       |     5 |       |       ||     5
         Confused          |       |       |       |     1 |       ||     1
 Armour: Animal skin       |    52 |       |       |       |       ||    52
         Ring mail         |    11 |    58 |       |       |       ||    69
         Plate armour      |       |   139 |   334 |   457 |   579 ||  1509
  Dodge: Dodged            |    76 |   101 |   104 |   160 |   145 ||   586
  Block: Buckler           |       |       |    46 |    83 |   105 ||   234

Table legend: (Time is in decaauts)
 A = Elapsed time spent in this place.
 B = Non-inter-level travel time spent in this place.
 C = Inter-level travel time spent in this place.
 D = Time resting spent in this place.
 E = Time spent auto-exploring this place.
 F = Levels seen in this place.
 G = Mean time per level.
                   A        B        C        D        E       F      G
               +--------+--------+--------+--------+--------+-----+--------+
         Total |  23560 |  22429 |   1131 |   5157 |  14052 |  19 | 1240.0 |
       Dungeon |  15180 |  14586 |    594 |   3480 |   8844 |  13 | 1167.7 |
        Temple |      1 |      0 |      1 |      0 |      0 |   1 |    1.0 |
          Lair |   8377 |   7842 |    535 |   1676 |   5207 |   5 | 1675.4 |
               +--------+--------+--------+--------+--------+-----+--------+

Top non-repeatable levels by time:
  Lair:5: 2119 daAuts
     D:7: 1968 daAuts
  Lair:1: 1949 daAuts
  Lair:3: 1784 daAuts
     D:5: 1710 daAuts
     D:9: 1705 daAuts
    D:10: 1478 daAuts
  Lair:2: 1263 daAuts
  Lair:4: 1261 daAuts
     D:8: 1186 daAuts
    D:11: 1147 daAuts
     D:3: 1126 daAuts
     D:6: 1069 daAuts
     D:1: 1004 daAuts
    D:12: 952 daAuts
